BR (22 & UNDER)
ELKINS STING RAYS @ OCEANSIDE SWAMP FOXES
09/16/2028
 
TOP OF THE 1ST
Elkins Sting Rays batting - Pitching for Oceanside Swamp Foxes : LHP Manny Reyes
Pitching: LHP Manny Reyes
Batting: SHB Carlos González 0-0: Ball
1-0: Ball
2-0: Ball
3-0: Base on Balls
Batting: LHB Freddy Torres 0-0: Swinging Strike
0-1: Ball
1-1: Ball
2-1: Foul Ball, location: 2F
2-2: SINGLE (Flyball, 78S)
Carlos González to second
Batting: RHB Ryan Nelson 0-0: Called Strike
0-1: Foul Ball, location: 2F
0-2: Fly out, F8 (Flyball, 8LM)
Batting: RHB Bill Andrews 0-0: Foul Ball, location: 2F
0-1: Ball
1-1: Ball
2-1: Called Strike
2-2: SINGLE (Line Drive, 7S)
Carlos González to third
Freddy Torres to second
Batting: LHB Ángel Flores 0-0: Ball
1-0: Swinging Strike
1-1: Foul Ball, location: 2F
1-2: Ball
2-2: Ball
3-2: Foul Ball, location: 2F
3-2: Fly out, F8 (Flyball, 8LS)
Throwing error, E8
Carlos González scores
Freddy Torres to third
Bill Andrews to second
Batting: SHB Ron Winston 0-0: Ball
1-0: Fly out, F8 (Flyball, 8LM)
Top of the 1st over - 1 run(s), 2 hit(s), 1 error(s), 2 left on base; Elkins 1 - Oceanside 0
BOTTOM OF THE 1ST
Oceanside Swamp Foxes batting - Pitching for Elkins Sting Rays : RHP Howard Everett
Pitching: RHP Howard Everett
Batting: LHB Bob Huerta 0-0: Foul Ball, location: 2F
0-1: Ball
1-1: Called Strike
1-2: Foul Ball, location: 2F
1-2: Foul Ball, location: 2F
1-2: Ground out 6-3 (Groundball, 6S)
Batting: RHB Michael Reed 0-0: Fly out, F8 (Flyball, 8RD)
Batting: RHB Armando García 0-0: Foul Ball, location: 2F
0-1: Called Strike
0-2: Ball
1-2: Fly out, F6 (Line Drive, 6)
Bottom of the 1st over - 0 run(s), 0 hit(s), 0 error(s), 0 left on base; Elkins 1 - Oceanside 0
TOP OF THE 2ND
Elkins Sting Rays batting - Pitching for Oceanside Swamp Foxes : LHP Manny Reyes
Batting: RHB Armando Blanco 0-0: Called Strike
0-1: Swinging Strike
0-2: SINGLE (Flyball, 9LS)
Batting: RHB Carson Allen 0-0: Ball
1-0: Called Strike
1-1: Ball
2-1: Fly out, F9 (Line Drive, 9)
Batting: RHB Pedro Betancourt 0-0: Ball
1-0: Grounds into double play, 6-4-3 (Groundball, 6)
Top of the 2nd over - 0 run(s), 1 hit(s), 0 error(s), 0 left on base; Elkins 1 - Oceanside 0
BOTTOM OF THE 2ND
Oceanside Swamp Foxes batting - Pitching for Elkins Sting Rays : RHP Howard Everett
Batting: RHB Carlos Sánchez 0-0: Ball
1-0: Foul Ball, location: 2F
1-1: Foul Ball, location: 2F
1-2: Hit by Pitch
Batting: RHB Salvador Castro 0-0: Ball
Wild Pitch!
Carlos Sánchez to second
1-0: Swinging Strike
1-1: Ball
2-1: Foul Ball, location: 2F
2-2: Foul Ball, location: 2F
2-2: Foul Ball, location: 2F
2-2: Foul Ball, location: 2F
2-2: Fly out, F8 (Flyball, 78M)
Batting: RHB Brian Brown 0-0: Ball
1-0: Ball
2-0: Called Strike
2-1: Ball
3-1: Foul Ball, location: 2F
3-2: Fly out, F9 (Flyball, 9S)
Batting: RHB Richard Bass 0-0: Called Strike
0-1: Ground out 1-3 (Groundball, P)
Bottom of the 2nd over - 0 run(s), 0 hit(s), 0 error(s), 1 left on base; Elkins 1 - Oceanside 0
TOP OF THE 3RD
Elkins Sting Rays batting - Pitching for Oceanside Swamp Foxes : LHP Manny Reyes
Batting: SHB Carlos González 0-0: Ball
1-0: Ground out 6-3 (Groundball, 6)
Batting: LHB Freddy Torres 0-0: Called Strike
0-1: Ball
1-1: SINGLE (Flyball, 7LS)
Batting: RHB Ryan Nelson 0-0: SINGLE (Flyball, 8RS)
Freddy Torres to second
Batting: RHB Bill Andrews 0-0: Foul Ball, location: 2F
0-1: Foul Ball, location: 2F
0-2: Fly out, F6 (Popup, 6D)
Batting: LHB Ángel Flores 0-0: Called Strike
0-1: Ball
1-1: SINGLE (Line Drive, 6M)
Freddy Torres to third
Ryan Nelson to second
Batting: SHB Ron Winston 0-0: Ball
1-0: Ball
2-0: Fielders Choice at 2nd, U4 (Groundball, 4M)
Top of the 3rd over - 0 run(s), 3 hit(s), 0 error(s), 3 left on base; Elkins 1 - Oceanside 0
BOTTOM OF THE 3RD
Oceanside Swamp Foxes batting - Pitching for Elkins Sting Rays : RHP Howard Everett
Batting: SHB Gordon Beatty 0-0: Called Strike
0-1: Ball
1-1: Ball
2-1: Swinging Strike
2-2: Ball
3-2: Foul Ball, location: 2F
3-2: Foul Ball, location: 2F
3-2: Ground out 4-3 (Groundball, 4)
Batting: RHB Carlos Martínez 0-0: Called Strike
0-1: Ball
1-1: Ball
2-1: Called Strike
2-2: Strikes out looking
Batting: LHB Bob Huerta 0-0: Ball
1-0: Ground out 5-3 (Groundball, 56)
Bottom of the 3rd over - 0 run(s), 0 hit(s), 0 error(s), 0 left on base; Elkins 1 - Oceanside 0
TOP OF THE 4TH
Elkins Sting Rays batting - Pitching for Oceanside Swamp Foxes : LHP Manny Reyes
Batting: RHB Armando Blanco 0-0: Ball
1-0: Ball
2-0: Foul Ball, location: 2F
2-1: Called Strike
2-2: SINGLE (Line Drive, 3D)
Batting: RHB Carson Allen 0-0: Called Strike
0-1: Swinging Strike
0-2: Strikes out looking
Batting: RHB Pedro Betancourt 0-0: Called Strike
0-1: SINGLE (Groundball, 56S) (infield hit)
Armando Blanco to second
Batting: SHB Carlos González 0-0: Ball
1-0: Ball
2-0: Called Strike
2-1: Ball
3-1: Foul Ball, location: 2F
3-2: Strikes out swinging
Batting: LHB Freddy Torres 0-0: Called Strike
0-1: Foul Ball, location: 2F
0-2: Ball
1-2: Strikes out swinging
Top of the 4th over - 0 run(s), 2 hit(s), 0 error(s), 2 left on base; Elkins 1 - Oceanside 0
BOTTOM OF THE 4TH
Oceanside Swamp Foxes batting - Pitching for Elkins Sting Rays : RHP Howard Everett
Batting: RHB Michael Reed 0-0: Ball
1-0: Foul Ball, location: 2F
1-1: Foul Ball, location: 2F
1-2: Foul Ball, location: 2F
1-2: Ball
2-2: Ground out 1-3 (Groundball, 13)
Batting: RHB Armando García 0-0: Called Strike
0-1: Ball
1-1: Called Strike
1-2: Strikes out swinging
Batting: RHB Carlos Sánchez 0-0: Ball
1-0: Foul Ball, location: 2F
1-1: Ball
2-1: Ball
3-1: Base on Balls
Batting: RHB Salvador Castro 0-0: SINGLE (Groundball, 4MD)
Carlos Sánchez to second
Runner from 2nd tries for 3rd, SAFE, throw made to third
Salvador Castro to second
Batting: RHB Brian Brown 0-0: Ball
1-0: Fly out, F8 (Line Drive, 8RS)
Bottom of the 4th over - 0 run(s), 1 hit(s), 0 error(s), 2 left on base; Elkins 1 - Oceanside 0
TOP OF THE 5TH
Elkins Sting Rays batting - Pitching for Oceanside Swamp Foxes : LHP Manny Reyes
Batting: RHB Ryan Nelson 0-0: Called Strike
0-1: Swinging Strike
0-2: Ball
1-2: Ball
2-2: Strikes out swinging
Batting: RHB Bill Andrews 0-0: Ball
1-0: Called Strike
1-1: Called Strike
1-2: Ball
2-2: Foul Ball, location: 2F
2-2: Fly out, F4 (Popup, 34)
Batting: LHB Ángel Flores 0-0: Ball
1-0: Ball
2-0: Foul Ball, location: 2F
2-1: SOLO HOME RUN (Flyball, 9D), Distance : 382 ft
Batting: SHB Ron Winston 0-0: Ball
1-0: SINGLE (Groundball, 34D)
Pitching: RHP Juan García
Batting: RHB Armando Blanco 0-0: Ball
1-0: Called Strike
1-1: Called Strike
1-2: Ball
2-2: Foul Ball, location: 2F
2-2: DOUBLE (Line Drive, 89D)
Ron Winston to third
Runner from 3rd tries for Home, SAFE, no throw
Batting: RHB Carson Allen 0-0: Called Strike
0-1: Foul Ball, location: 2F
0-2: Foul Ball, location: 2F
0-2: Foul Ball, location: 2F
0-2: Strikes out swinging
Top of the 5th over - 2 run(s), 3 hit(s), 0 error(s), 1 left on base; Elkins 3 - Oceanside 0
BOTTOM OF THE 5TH
Oceanside Swamp Foxes batting - Pitching for Elkins Sting Rays : RHP Howard Everett
Batting: RHB Richard Bass 0-0: Ball
1-0: Ground out 6-3 (Groundball, 6)
Batting: SHB Gordon Beatty 0-0: Foul Ball, location: 2F
0-1: Foul Ball, location: 2F
0-2: Ground out 1-3 (Groundball, 15)
Batting: RHB Carlos Martínez 0-0: Called Strike
0-1: Foul Ball, location: 2F
0-2: Ground out 6-3 (Groundball, 6)
Bottom of the 5th over - 0 run(s), 0 hit(s), 0 error(s), 0 left on base; Elkins 3 - Oceanside 0
TOP OF THE 6TH
Elkins Sting Rays batting - Pitching for Oceanside Swamp Foxes : RHP Juan García
Batting: RHB Pedro Betancourt 0-0: Ball
1-0: Called Strike
1-1: Ball
2-1: Called Strike
2-2: Foul Ball, location: 2F
2-2: Strikes out looking
Batting: SHB Carlos González 0-0: Ball
1-0: Ball
2-0: Ball
3-0: Called Strike
3-1: Foul Ball, location: 2F
3-2: Strikes out swinging
Batting: LHB Freddy Torres 0-0: Swinging Strike
0-1: Ball
1-1: Called Strike
1-2: Ball
2-2: Strikes out looking
Top of the 6th over - 0 run(s), 0 hit(s), 0 error(s), 0 left on base; Elkins 3 - Oceanside 0
BOTTOM OF THE 6TH
Oceanside Swamp Foxes batting - Pitching for Elkins Sting Rays : RHP Howard Everett
Batting: LHB Bob Huerta 0-0: Ball
1-0: Ball
2-0: Fly out, F9 (Line Drive, 9)
Batting: RHB Michael Reed 0-0: Called Strike
0-1: Ball
1-1: Called Strike
1-2: Ball
2-2: Strikes out swinging
Batting: RHB Armando García 0-0: Called Strike
0-1: Ground out 6-3 (Groundball, 56)
Bottom of the 6th over - 0 run(s), 0 hit(s), 0 error(s), 0 left on base; Elkins 3 - Oceanside 0
TOP OF THE 7TH
Elkins Sting Rays batting - Pitching for Oceanside Swamp Foxes : RHP Juan García
Batting: RHB Ryan Nelson 0-0: Ball
1-0: Ball
2-0: SINGLE (Line Drive, 56D)
Batting: RHB Bill Andrews 0-0: Foul Ball, location: 2F
0-1: Ball
1-1: Called Strike
1-2: Strikes out looking
Batting: LHB Ángel Flores 0-0: Called Strike
0-1: Swinging Strike
0-2: Ball
1-2: Strikes out swinging
Batting: SHB Ron Winston 0-0: Foul Ball, location: 2F
0-1: Foul Ball, location: 2F
0-2: Ball
1-2: Ball
2-2: Fielders Choice at 2nd, U6 (Groundball, 6M)
Top of the 7th over - 0 run(s), 1 hit(s), 0 error(s), 1 left on base; Elkins 3 - Oceanside 0
BOTTOM OF THE 7TH
Oceanside Swamp Foxes batting - Pitching for Elkins Sting Rays : RHP Howard Everett
Batting: RHB Carlos Sánchez 0-0: Ball
1-0: Foul Ball, location: 2F
1-1: Foul Ball, location: 2F
1-2: Ball
2-2: SINGLE (Groundball, 6MD)
Batting: RHB Salvador Castro 0-0: Ball
1-0: Fielders Choice at 2nd, 3-6 (Groundball, 34)
Batting: RHB Brian Brown 0-0: Called Strike
0-1: Foul Ball, location: 2F
0-2: Reached on error, E5 (Groundball, 5S)
Salvador Castro to third
Batting: RHB Richard Bass 0-0: Ground out 5-3 (Groundball, 56S)
Salvador Castro scores
Brian Brown to third
Batting: SHB Gordon Beatty 0-0: Ball
1-0: Ball
2-0: Called Strike
2-1: Foul Ball, location: 2F
2-2: Fly out, F3 (Line Drive, 3L)
Bottom of the 7th over - 1 run(s), 1 hit(s), 1 error(s), 1 left on base; Elkins 3 - Oceanside 1
TOP OF THE 8TH
Elkins Sting Rays batting - Pitching for Oceanside Swamp Foxes : RHP Juan García
Batting: RHB Armando Blanco 0-0: Swinging Strike
0-1: SINGLE (Line Drive, 7LS)
Batting: RHB Carson Allen 0-0: Ball
1-0: Called Strike
1-1: Foul Ball, location: 2F
1-2: Strikes out swinging
Batting: RHB Pedro Betancourt 0-0: Called Strike
0-1: Swinging Strike
0-2: Strikes out looking
Pitching: RHP Gerald Fullwood
Batting: SHB Carlos González 0-0: Swinging Strike
0-1: Called Strike
0-2: Strikes out swinging
Top of the 8th over - 0 run(s), 1 hit(s), 0 error(s), 1 left on base; Elkins 3 - Oceanside 1
BOTTOM OF THE 8TH
Oceanside Swamp Foxes batting - Pitching for Elkins Sting Rays : RHP Howard Everett
Batting: RHB Carlos Martínez 0-0: Ground out 6-3 (Groundball, 6)
Batting: LHB Bob Huerta 0-0: Foul Ball, location: 2F
0-1: Ball
1-1: Foul Ball, location: 2F
1-2: Ball
2-2: Strikes out swinging
Batting: RHB Michael Reed 0-0: Foul Ball, location: 2F
0-1: Fly out, F9 (Flyball, 9LSF)
Bottom of the 8th over - 0 run(s), 0 hit(s), 0 error(s), 0 left on base; Elkins 3 - Oceanside 1
TOP OF THE 9TH
Elkins Sting Rays batting - Pitching for Oceanside Swamp Foxes : RHP Gerald Fullwood
Batting: LHB Freddy Torres 0-0: Ball
1-0: Ball
2-0: Ball
3-0: Base on Balls
Batting: RHB Ryan Nelson 0-0: Ball
1-0: Ball
2-0: Swinging Strike
2-1: Swinging Strike
2-2: Ball
3-2: Strikes out swinging
Batting: RHB Bill Andrews Pickoff Throw to First - Out!
0-0: Ball
1-0: Foul Ball, location: 2F
1-1: Ball
2-1: Called Strike
2-2: Strikes out swinging
Top of the 9th over - 0 run(s), 0 hit(s), 0 error(s), 0 left on base; Elkins 3 - Oceanside 1
BOTTOM OF THE 9TH
Oceanside Swamp Foxes batting - Pitching for Elkins Sting Rays : RHP Howard Everett
Batting: RHB Armando García 0-0: Ball
1-0: Ball
2-0: Ball
3-0: Base on Balls
Batting: RHB Carlos Sánchez 0-0: Called Strike
0-1: Foul Ball, location: 2F
0-2: Foul Ball, location: 2F
0-2: Strikes out swinging
Batting: RHB Salvador Castro 0-0: Foul Ball, location: 2F
0-1: Fly out, F4 (Flyball, 34D)
Batting: RHB Brian Brown 0-0: Ball
1-0: Foul Ball, location: 2F
1-1: Foul Ball, location: 2F
1-2: Foul Ball, location: 2F
1-2: Hit by Pitch
Armando García to second
Batting: RHB Richard Bass 0-0: Called Strike
0-1: Ball
1-1: Fielders Choice at 2nd, 4-6 (Groundball, 4)
Bottom of the 9th over - 0 run(s), 0 hit(s), 0 error(s), 1 left on base; Elkins 3 - Oceanside 1
Tuesday, August 8th, 2017 - OOTP Baseball 17.12 Build 75